 Dungeon Crawl Stone Soup version 0.29.1-1-gd02db6906a (webtiles) character file.

Game seed: 23743947451359238

110 phtz the Chopper (level 4, -6/39 HPs)
             Began as a Minotaur Berserker on Sept 21, 2022.
             Was a Believer of Trog.
             Killed from afar by Terence (10 damage)
             ... with a puff of flame
             ... on level 3 of the Dungeon.
             The game lasted 00:19:49 (2849 turns).

phtz the Chopper (Minotaur Berserker)               Turns: 2849, Time: 00:19:49

Health: -6/39      AC:  5    Str: 24    XL:     4   Next: 61%
Magic:  3/3        EV: 11    Int:  4    God:    Trog [**....]
Gold:   207        SH:  0    Dex:  9    Spells: 3/3 levels left

rFire   . . .      SeeInvis .   a - +0 hand axe
rCold   . . .      Faith    .   (no shield)
rNeg    . . .      Spirit   .   h - +0 ring mail
rPois   .          Reflect  .   (helmet restricted)
rElec   .          Harm     .   (no cloak)
rCorr   .          Rampage  .   (no gloves)
Will    .....                   (no boots)
Stlth   ..........              (no amulet)
HPRegen 0.13/turn               (no ring)
MPRegen 0.08/turn               (no ring)

@: no status effects
A: horns 2, retaliatory headbutt
a: Renounce Religion, Berserk, Trog's Hand


You were on level 3 of the Dungeon.
You worshipped Trog.
Trog was pleased with you.
You visited 1 branch of the dungeon, and saw 3 of its levels.

You collected 207 gold pieces.

Inventory:

Hand Weapons
 a - a +0 hand axe (weapon)
Armour
 b - a +0 animal skin
 h - a +0 ring mail (worn)
Wands
 l - a wand of polymorph (8)
 o - a wand of flame (7)
Scrolls
 d - 5 scrolls of identify {unknown}
 f - 2 scrolls of acquirement {unknown}
 j - a scroll of butterflies {unknown}
 m - 2 scrolls of teleportation {unknown}
 n - a scroll of noise {unknown}
 p - a scroll of blinking {unknown}
Potions
 c - 2 potions of haste {unknown}
 e - 2 potions of attraction {unknown}
 g - 2 potions of degeneration {unknown}
 i - 2 potions of curing {unknown}
 k - a potion of flight {unknown}


   Skills:
 - Level 3.6 Fighting
 + Level 6.6 Axes
 - Level 2.4 Armour
 - Level 2.1 Dodging


You had 3 spell levels left.
You didn't know any spells.
Your spell library was empty.

Dungeon Overview and Level Annotations

Branches:
Dungeon (3/15)

Altars:
Dithmenos
Okawaru
Qazlal
The Shining One

Annotations:
D:3 Terence


Innate Abilities, Weirdness & Mutations

You have a pair of horns on your head.
You reflexively headbutt those who attack you in melee.


Message History

The dart slug is severely wounded.
The dart slug closely misses you.
You hit the dart slug.
The dart slug is almost dead.
You hit the dart slug but do no damage. You headbutt the dart slug.
You kill the dart slug!
Trog accepts your kill.
m - 2 scrolls labelled NIOSKOGGAMN (gained 1)
Found a stone staircase leading down.
d - 5 scrolls labelled HIUCUE ONAI (gained 1)
You now have 207 gold pieces (gained 16).
There is a stone staircase leading down here.
You see here a +0 short sword.
You see here a +0 short sword.
Terence the Incautious comes into view.
He is wielding a +0 trident and carrying a wand of flame (18).
Terence zaps a wand.
The puff of flame hits you!
Terence zaps a wand.
The puff of flame hits you! Terence closely misses you.
Terence hits you with a +0 trident.
You hit Terence but do no damage. You headbutt Terence!
Terence is heavily wounded.
Terence hits you but does no damage.
You barely miss Terence.
Terence is heavily wounded.
Terence zaps a wand.
The puff of flame hits you.
You barely miss Terence. You headbutt Terence, but do no damage.
Terence is heavily wounded.
Terence zaps a wand.
The puff of flame hits you!
* * * LOW HITPOINT WARNING * * *
You completely miss Terence. Your headbutt misses Terence.
Terence is heavily wounded.
Terence hits you but does no damage.
You hit Terence but do no damage. You headbutt Terence.
Terence is heavily wounded.
Terence hits you with a +0 trident.
* * * LOW HITPOINT WARNING * * *
You hit Terence.
Terence is severely wounded.
Terence zaps a wand.
The puff of flame hits you!
You die...

#.#.#.......
#.#.#..##...
#.#.#.......
#♣#♣#♣....######
..........# ####
♣#♣#♣....# #... #.
##.....# #.##
#...#######......#
#.##
#..@@....###.#.###.##
########.# #....##.##
#.###.........
##............
#....<....#.##
#.##.#......#.
#.##.##.#.)..)
#.##.##.#.###.
#.##.##.#.###.


You could see Terence.

Vanquished Creatures
  Ijyb (D:3)
  An adder (D:2)
  A worm (D:2)
  2 dart slugs (D:3)
  10 ball pythons
  9 endoplasms
  2 giant cockroaches
  9 goblins
  3 hobgoblins
  7 kobolds
  2 quokkas (D:1)
  3 bats (D:1)
  6 frilled lizards
  5 rats
  A spectral goblin (D:2)
62 creatures vanquished.

Vanquished Creatures (others)
  A plant (D:3)
1 creature vanquished.

Grand Total: 63 creatures vanquished

Notes
Turn   | Place    | Note
-------+----------+-------------------------------------------
     0 | D:1      | phtz the Minotaur Berserker began the quest for the Orb.
     0 | D:1      | Reached XP level 1. HP: 19/19 MP: 0/0
   105 | D:1      | Reached skill level 4 in Axes
   138 | D:1      | Reached XP level 2. HP: 26/26 MP: 1/1
   559 | D:1      | Reached skill level 5 in Axes
   650 | D:1      | Reached ** piety under Trog
   658 | D:1      | Reached XP level 3. HP: 31/31 MP: 2/2
  1192 | D:2      | Found a faded altar of an unknown god.
  1989 | D:3      | Noticed Ijyb
  2011 | D:3      | Killed Ijyb
  2012 | D:3      | Reached skill level 6 in Axes
  2012 | D:3      | Reached XP level 4. HP: 31/39 MP: 3/3
  2195 | D:3      | Found a faded altar of an unknown god.
  2309 | D:3      | Found an iron altar of Okawaru.
  2312 | D:3      | Found a shadowy altar of Dithmenos.
  2317 | D:3      | Found a glowing golden altar of the Shining One.
  2624 | D:3      | Identified the +8 war axe of Ilaticke {vorpal, *Rage Fly
                  | Int+5}
  2702 | D:3      | Found a stormy altar of Qazlal.
  2838 | D:3      | Noticed Terence
  2849 | D:3      | Killed from afar by Terence

Illustrated notes

Levels and vault maps discovered:
D:1:      kennysheep_arrival_forest, layout_loops_ring
D:2:      layout_loops_ring, dreamdust_ecumenical_altar_drowned_temple,
          nicolae_titane
D:3:      layout_loops_ring, grunt_temple_overflow_open,
          nicolae_overflow_ecumenical_swirl, serial_forest,
          infiniplex_forest_clump_small, infiniplex_forest_straight_3,
          infiniplex_forest_clump_small, infiniplex_forest_lined_3,
          infiniplex_forest_straight_4, infiniplex_forest_lined_room_2,
          dk_noncrumbling_2, minmay_checkerbox, uniq_crazy_yiuf_cottage,
          uniq_ijyb, uniq_terence

Skill      XL: |  1  2  3 |
---------------+----------+-----
Axes           | 4 5 6 |  6.6
Fighting       | |  3.6
Armour         | |  2.4
Dodging        | |  2.1

Action                   |  1- 3 |  4- 6 || total
-------------------------+-------+-------++-------
Melee: Hand axe          |    90 |    40 ||   130
       Headbutt          |     8 |     6 ||    14
       Punch             |     1 |     1 ||     2
 Stab: Sleeping          |     1 |       ||     1
Armor: Animal skin       |    12 |       ||    12
       Ring mail         |     8 |    13 ||    21
Dodge: Dodged            |    45 |    14 ||    59
